 Dungeon Crawl Stone Soup version 0.18-a0-1468-gaf180a1 (webtiles) character file.

80 namelastname112 the Insei (level 4, -1/38 HPs)
             Began as a Draconian Monk on Mar 2, 2016.
             Slain by a hound (4 damage)
             ... on level 4 of the Dungeon.
             The game lasted 00:02:16 (1463 turns).

namelastname112 the Insei (Draconian Monk)          Turns: 1463, Time: 00:02:17

Health: -1/38      AC:  5    Str: 13    XL:     4   Next: 18%
Magic:  4/4        EV: 13    Int: 10    God:
Gold:   79         SH:  0    Dex: 15    Spells: 0 memorised, 3 levels left

rFire  . . .     SeeInvis .       - Unarmed
rCold  . . .     Gourm    .     (armour unavailable)
rNeg   . . .     Faith    .     (no shield)
rPois  .         Spirit   .     (helmet restricted)
rElec  .         Dismiss  .     (no cloak)
rCorr  .         Reflect  .     (no gloves)
SustAt .         Harm     .     (no boots)
MR     .....                    (no amulet)
Stlth  +++.......               (no ring)
                                d - ring of stealth

@: not resistant to hostile enchantments, fairly stealthy
A: unfitting armour, cold-blooded, AC +5
a: no special abilities


You were on level 4 of the Dungeon.
You were near starving.

You visited 1 branch of the dungeon, and saw 4 of its levels.

You collected 79 gold pieces.

Inventory:

Missiles
 b - a throwing net (quivered)
Jewellery
 d - a ring of stealth (left hand)
Scrolls
 c - a scroll of enchant weapon {unknown}
 e - a scroll of enchant armour {unknown}
 g - a scroll of remove curse {unknown}
 h - a scroll of identify
 j - 2 scrolls of fear {unknown}
 n - a scroll of random uselessness {unknown}
Potions
 i - a potion of resistance
 m - 2 potions of curing
Comestibles
 a - 2 bread rations
 k - a slice of pizza
 l - a meat ration


   Skills:
 - Level 3.2 Fighting
 - Level 2.6 Dodging
 - Level 1.7 Stealth
 + Level 5.7 Unarmed Combat


You had 3 spell levels left.
You didn't know any spells.

Dungeon Overview and Level Annotations

Branches:
Dungeon (4/15)
 Temple: D:4-7

Altars:
Ru

Annotations:
D:3 namelastname112's ghost, amateur DrMo


Innate Abilities, Weirdness & Mutations

Your plain brown scales are hard (AC +5).
Your body does not fit into most forms of armour.
You are cold-blooded and may be slowed by cold attacks.


Message History

The hound completely misses you.
You feel sick.
You hit the hound.
The hound is severely wounded.
The hound bites you.
* * * LOW HITPOINT WARNING * * *
You closely miss the hound.
The hound is severely wounded.
The hound bites you.
* * * LOW HITPOINT WARNING * * *
The hound barely misses you.
You barely miss the hound.
The hound is severely wounded.
The hound closely misses you.
You closely miss the hound.
The hound is severely wounded.
You feel sick.
You are no longer poisoned.
The hound bites you.
You die...

#.. #.. #.. ####..
..... ##.##..##
##### ........##
##...##
#........###.....#
#######..Sh@.....#
#.####.....#######.
#.# ##............
#.# ##.#.........
..# #.#.########
..# #.<.# #P. #.#.#
#...... ......###


You could see a hound and an adder.

Vanquished Creatures
  An adder (D:2)
  An ooze (D:1)
  3 worms (D:2)
  A giant gecko (D:1)
  7 bats (D:1)
  5 giant cockroaches
  6 goblins
  5 hobgoblins
  2 jackals (D:1)
  2 quokkas
  A ball python (D:1)
  4 giant newts (D:1)
  4 kobolds
  17 rats
59 creatures vanquished.

Notes
Turn   | Place    | Note
--------------------------------------------------------------
     0 | D:1      | namelastname112 the Draconian Monk began the quest for the Orb.
     0 | D:1      | Reached XP level 1. HP: 19/19 MP: 1/1
   120 | D:1      | Reached XP level 2. HP: 17/26 MP: 2/2
   386 | D:1      | Reached skill level 5 in Unarmed Combat
   386 | D:1      | Reached XP level 3. HP: 29/31 MP: 3/3
  1104 | D:2      | Reached XP level 4. HP: 30/38 MP: 4/4
  1105 | D:2      | Found a sacrificial altar of Ru.
  1418 | D:3      | Noticed namelastname112's ghost (amateur DrMo)
  1463 | D:4      | Slain by a hound

Vault maps used:
D:1:      onia_arrival_larder
D:2:      first_bread, nicolae_ru_awakened_eye
D:4:      corexii_shack_village, gammafunk_temple_overflow_pools,
          nicolae_overflow_hidden_temple, serial_shops, shop,
          okawaru_gym_becter, uniq_pikel

Skill      XL: |  1  2 |
---------------+-------+-----
Unarmed Combat | 5 |  5.7
Fighting       | |  3.2
Dodging        | |  2.6
Stealth        | |  1.7

Action                   |  1- 3 |  4- 6 || total
-------------------------+-------+-------++-------
Melee: Unarmed           |   143 |    24 ||   167
  Use: Scroll            |       |     2 ||     2
       Potion            |       |     1 ||     1
 Stab: Sleeping          |    15 |     4 ||    19
       Distracted        |     1 |       ||     1
